[Event "Titled Tuesday Blitz November 08 Early 2022"]
[White "Pinheiro, Iung Alicio de O."]
[Black "Jumabayev, Rinat"]
[WhiteFideId "2104350"]
[BlackFideId "13702661"]
[WhiteElo "2579"]
[BlackElo "2843"]
[Result "0-1"]
[Round "04"]
[TimeControl "180+1"]
[Date "2022.11.09"]
[WhiteClock "0:00:13"]
[BlackClock "0:00:44"]

1. e4 c6 2. Nf3 d5 3. Nc3 dxe4 4. Nxe4 Nf6 5. Qe2 Nxe4 6. Qxe4 Qd5 7. Qh4 Nd7 8. Bc4 Qd6 9. O-O Nb6 10. Bb3 Be6 11. d4 Bd5 12. Ne5 Bxb3 13. axb3 Nd7 14. Nc4 Qg6 15. Re1 e6 16. Bf4 Qxc2 17. Re3 Nf6 18. Bd6 Rd8 19. Bxf8 Kxf8 20. h3 a6 21. Rae1 h6 22. Rf3 Ke7 23. Ne5 Qxb2 24. Rf4 g5 0-1


[Site "https://www.chess.com"]

[Event "Titled Tuesday Blitz November 08 Early 2022"]
[White "Prohorov, Olexandr"]
[Black "Nurmanova, Alua"]
[WhiteFideId "14105578"]
[BlackFideId "13729390"]
[WhiteElo "1993"]
[BlackElo "2120"]
[Result "0-1"]
[Round "04"]
[TimeControl "180+1"]
[Date "2022.11.09"]
[WhiteClock "0:00:10"]
[BlackClock "0:00:29"]

1. Nf3 Nf6 2. d4 g6 3. Bf4 Bg7 4. e3 d6 5. Be2 Nh5 6. Bg5 h6 7. Bh4 g5 8. Bg3 c5 9. c3 Nc6 10. Nbd2 O-O 11. O-O Nxg3 12. hxg3 Bg4 13. Qb3 Qc7 14. a4 e5 15. dxe5 Nxe5 16. Rfe1 Be6 17. Qc2 f5 18. Nxe5 dxe5 19. Nc4 e4 20. Rad1 Rad8 21. b3 Kh8 22. Na3 a6 23. Bc4 Bd7 24. Bd5 b5 25. axb5 axb5 26. c4 b4 27. Nb5 Bxb5 28. cxb5 Bc3 29. Rf1 Qe5 30. Bc4 f4 31. exf4 gxf4 32. gxf4 Qxf4 33. Qe2 Bd4 34. b6 Rb8 35. Rde1 Rfe8 36. Qh5 Re5 37. Qh3 Qf6 38. g3 Qg6 39. Kg2 Qxb6 40. Rh1 Kg7 41. Qg4+ Rg5 42. Qxe4 Qf6 43. f4 Rg4 44. Qe7+ Qxe7 45. Rxe7+ Kf6 46. Rf7+ Kg6 47. f5+ Kg5 48. Rg7+ Bxg7 0-1


[Site "https://www.chess.com"]

[Event "Titled Tuesday Blitz November 08 Early 2022"]
[White "Putnam, Liam"]
[Black "Dominguez Perez, Leinier"]
[WhiteFideId "30938279"]
[BlackFideId "3503240"]
[WhiteElo "2624"]
[BlackElo "2983"]
[Result "1-0"]
[Round "04"]
[TimeControl "180+1"]
[Date "2022.11.09"]
[WhiteClock "0:00:59"]
[BlackClock "0:01:49"]

1. d4 Nf6 2. Bf4 d5 3. Nc3 a6 4. e3 e6 5. g4 c5 6. g5 Nfd7 7. h4 Nc6 8. Nf3 b5 9. Bg2 Bb7 10. h5 Be7 11. g6 hxg6 12. hxg6 Rxh1+ 13. Bxh1 f5 14. dxc5 Nxc5 15. Nd4 Bf6 16. Qh5 Qe7 17. Nxd5 exd5 18. Nxf5 Qe6 19. Bxd5 Qxd5 20. Nxg7+ Bxg7 21. Qxd5 1-0


[Site "https://www.chess.com"]

[Event "Titled Tuesday Blitz November 08 Early 2022"]
[White "Remizov, Yaroslav"]
[Black "Cruz Mendez, Jean Marco"]
[WhiteFideId "34134015"]
[BlackFideId "3526402"]
[WhiteElo "2843"]
[BlackElo "2582"]
[Result "1-0"]
[Round "04"]
[TimeControl "180+1"]
[Date "2022.11.09"]
[WhiteClock "0:00:10"]
[BlackClock "0:00:10"]

1. e4 c5 2. Nc3 Nc6 3. Bb5 Nd4 4. Bc4 e6 5. Nge2 Nc6 6. O-O a6 7. a4 Nf6 8. d4 cxd4 9. Nxd4 d6 10. Bf4 e5 11. Nxc6 bxc6 12. Be3 Be7 13. a5 O-O 14. Qd3 Be6 15. Bxa6 d5 16. Bb6 Qd7 17. exd5 cxd5 18. Bb5 Qb7 19. Rfe1 d4 20. Ne4 Bd5 21. Nxf6+ Bxf6 22. f3 Rfc8 23. c4 dxc3 24. bxc3 Bc6 25. Bc4 g6 26. Rad1 Kg7 27. h3 Rxa5 28. Bxa5 Qa7+ 29. Kh2 Qxa5 30. Bb3 e4 31. fxe4 Be5+ 32. Kh1 Qc5 33. Rf1 f6 34. Bd5 Bb5 35. c4 Bxc4 36. Bxc4 Qxc4 37. Qd7+ Kh6 38. Qg4 Rc7 39. h4 Qc3 40. Rf3 Qc2 41. Rdf1 Rc4 42. Re3 Qd2 43. Re2 Qd3 44. h5 Qg3 45. Qxg3 Bxg3 46. hxg6 Kxg6 47. Re3 Be5 48. Kg1 Bd4 49. Kf2 Rc3 50. Re1 Bxe3+ 51. Rxe3 Rc5 52. Rg3+ Kf7 53. Ra3 Re5 54. Kf3 Kg6 55. Ra6 h5 56. Rb6 Kg5 57. g3 Ra5 58. Rd6 Ra3+ 59. Kg2 Re3 60. Re6 Re2+ 61. Kh3 Re3 62. Re8 Re1 63. Rg8+ Kh6 64. Re8 Kg6 65. Kg2 Kf7 66. Rh8 Rxe4 67. Rxh5 Kg6 68. Ra5 f5 69. Kf3 Rb4 70. Ra8 Kg5 71. Rg8+ Kf6 72. Kg2 Re4 73. Ra8 Re6 74. Kh3 Ke5 75. Kh4 Rg6 76. Ra5+ Ke4 77. Ra4+ Kf3 78. Rf4+ Ke3 79. Rxf5 Ke4 80. Rf1 Rg8 81. g4 Ke5 82. g5 Ke6 83. Kh5 Rh8+ 84. Kg6 Ke7 85. Kg7 Rh2 86. Re1+ Kd7 87. g6 Rf2 88. Kg8 Rg2 89. g7 Rg3 90. Rh1 Ke7 91. Kh7 1-0


[Site "https://www.chess.com"]

[Event "Titled Tuesday Blitz November 08 Early 2022"]
[White "Reprintsev, Alexander"]
[Black "Principe, Gerson"]
[WhiteFideId "14100541"]
[BlackFideId "3804550"]
[WhiteElo "2230"]
[BlackElo "2280"]
[Result "1/2-1/2"]
[Round "04"]
[TimeControl "180+1"]
[Date "2022.11.09"]
[WhiteClock "0:01:48"]
[BlackClock "0:00:53"]

1. e4 c5 2. b3 e6 3. Qe2 Nc6 4. Bb2 d5 5. exd5 Qxd5 6. Nc3 Qd8 7. O-O-O Nf6 8. Nf3 Be7 9. g4 O-O 10. g5 Nd5 11. h4 Nd4 12. Nxd4 cxd4 13. Nxd5 Qxd5 14. Rg1 a5 15. Bg2 Qd8 16. a4 d3 17. Qxd3 Qxd3 18. cxd3 Rd8 19. Kc2 Ra6 20. Bc3 Bc5 21. Rgf1 b6 22. f4 Ra7 23. Rde1 Ba6 24. Be4 Rad7 25. Rf3 Bd4 26. h5 Rc7 27. Kb2 Rcd7 28. Kc2 Rc7 29. Kb2 Rcd7 30. Kc2 1/2-1/2


[Site "https://www.chess.com"]

[Event "Titled Tuesday Blitz November 08 Early 2022"]
[White "Rosenberg, Evan S"]
[Black "Volkov, Maksim"]
[WhiteFideId "2019299"]
[BlackFideId "54123070"]
[WhiteElo "2377"]
[BlackElo "2257"]
[Result "0-1"]
[Round "04"]
[TimeControl "180+1"]
[Date "2022.11.09"]
[WhiteClock "0:00:05"]
[BlackClock "0:00:11"]

1. d4 d5 2. Nf3 Nf6 3. c3 c5 4. dxc5 e6 5. Be3 a5 6. c4 Qc7 7. Nc3 Bxc5 8. Bxc5 Qxc5 9. cxd5 exd5 10. Rc1 O-O 11. e3 Nc6 12. a3 Bg4 13. Be2 Rad8 14. O-O Qe7 15. Nd4 Bxe2 16. Ncxe2 Ne5 17. Nf4 Ne4 18. f3 Nf6 19. Re1 Rfe8 20. Qb3 g5 21. Nd3 Nc4 22. Nf5 Qd7 23. g4 b6 24. Nf2 Ne5 25. Qd1 h5 26. h3 Qb7 27. Kg2 Re6 28. Qd4 Nc6 29. Rxc6 Qxc6 30. Nd3 Qc4 31. Rc1 Qxd4 32. exd4 hxg4 33. hxg4 Re2+ 34. Kg3 Ne8 35. Rh1 Ng7 36. Nh6+ Kf8 37. Ne5 Ke7 38. Nhxf7 Rf8 39. Nxg5 Rxb2 40. Rh7 Rg8 41. Ng6+ Kf6 0-1


[Site "https://www.chess.com"]

[Event "Titled Tuesday Blitz November 08 Early 2022"]
[White "Roux, Baptiste"]
[Black "Sala, Giulia"]
[WhiteFideId "36017450"]
[BlackFideId "2840451"]
[WhiteElo "2077"]
[BlackElo "1769"]
[Result "1/2-1/2"]
[Round "04"]
[TimeControl "180+1"]
[Date "2022.11.09"]
[WhiteClock "0:00:12"]
[BlackClock "0:01:08"]

1. Nf3 e6 2. d4 d6 3. e4 c6 4. Bd3 Nd7 5. O-O Ne7 6. c3 g6 7. Re1 Bg7 8. Bg5 O-O 9. Qd2 f6 10. Bh6 d5 11. exd5 exd5 12. Bxg7 Kxg7 13. Qf4 Rf7 14. Nbd2 Nf8 15. Re2 Bf5 16. Bxf5 Nxf5 17. Rae1 Qd6 18. Qxd6 Nxd6 19. Re7 Nd7 20. b3 Kf8 21. Rxf7+ Kxf7 22. Kf1 Re8 23. Rxe8 Kxe8 24. Ke2 Ke7 25. Kd3 Nf5 26. c4 Kd6 27. h3 b6 28. g3 Ke6 29. Ne1 Nd6 30. Ng2 g5 31. h4 c5 32. hxg5 fxg5 33. Nf3 h6 34. Ne3 dxc4+ 35. bxc4 cxd4 36. Nxd4+ Kf6 37. Nd5+ Ke5 38. Nc6+ Kf5 39. Ne3+ Ke6 40. Nxa7 Nc5+ 41. Kd4 h5 42. Nb5 Nf5+ 43. Nxf5 Kxf5 44. Ke3 h4 45. gxh4 gxh4 46. Kf3 Nd3 47. Nd6+ Ke6 48. Nc8 Ne5+ 49. Kg2 Nxc4 50. Kh3 b5 51. Kxh4 Ke5 52. Na7 Nd6 53. Kg4 Kf6 54. f4 Kg6 55. a3 Kf6 56. Nc6 Nc4 57. Nb4 Nxa3 58. f5 Nc4 59. Kf4 Nd6 60. Nd5+ Kf7 61. Ke5 Nc4+ 62. Kd4 Nd6 63. Kc5 Nxf5 64. Kxb5 1/2-1/2


[Site "https://www.chess.com"]

[Event "Titled Tuesday Blitz November 08 Early 2022"]
[White "Rudzinska, Michalina"]
[Black "Orlov, Georgi"]
[WhiteFideId "1172883"]
[BlackFideId "2011271"]
[WhiteElo "2207"]
[BlackElo "2578"]
[Result "1-0"]
[Round "04"]
[TimeControl "180+1"]
[Date "2022.11.09"]
[WhiteClock "0:00:59"]
[BlackClock "0:00:11"]

1. e4 b6 2. d4 Bb7 3. Bd3 Nf6 4. Qe2 e6 5. c3 d5 6. e5 Nfd7 7. f4 c5 8. Nf3 Nc6 9. O-O cxd4 10. cxd4 Nb4 11. Bb5 a6 12. Ba4 b5 13. Bb3 g6 14. a3 Nc6 15. Nc3 Qb6 16. Be3 Na5 17. Ba2 Nc4 18. Bf2 Be7 19. Rad1 Rc8 20. g4 b4 21. axb4 Qxb4 22. Bxc4 Qxc4 23. Qxc4 Rxc4 24. f5 gxf5 25. gxf5 Rg8+ 26. Kh1 exf5 27. Bh4 Rg4 28. Bxe7 Kxe7 29. Ne2 Rc2 30. Ng3 Ke6 31. Nxf5 a5 32. Ne1 Rc7 33. Nh6 Rg6 34. Nxf7 Ke7 35. Nd6 Ba6 36. Ng2 Bxf1 37. Rxf1 Rc2 38. Ne3 Re2 39. Nxd5+ Ke6 40. Nf4+ Ke7 41. Nxe2 1-0


[Site "https://www.chess.com"]

[Event "Titled Tuesday Blitz November 08 Early 2022"]
[White "Safin, Robert"]
[Black "Mills, Morgen"]
[WhiteFideId "34189120"]
[BlackFideId "2013304"]
[WhiteElo "2253"]
[BlackElo "2281"]
[Result "1-0"]
[Round "04"]
[TimeControl "180+1"]
[Date "2022.11.09"]
[WhiteClock "0:01:23"]
[BlackClock "0:00:07"]

1. d4 d5 2. c4 e6 3. Nf3 a6 4. g3 dxc4 5. Bg2 b5 6. O-O Bb7 7. a4 Nd7 8. Qc2 Ngf6 9. Rd1 Be7 10. b3 Be4 11. Qb2 cxb3 12. Qxb3 Bd5 13. Qc2 b4 14. Nbd2 Rb8 15. Bb2 b3 16. Qd3 c5 17. e4 c4 18. Qe2 Ba8 19. e5 Nd5 20. Qxc4 O-O 21. Nxb3 N7b6 22. Qxa6 Nb4 23. Qe2 Bd5 24. Nc5 Bc4 25. Qd2 N6d5 26. Ba3 Bxc5 27. dxc5 Nc6 28. Nd4 Qc7 29. Nb5 Bxb5 30. axb5 Rxb5 31. Bxd5 Rd8 32. Bxc6 Rxd2 33. Rxd2 Rb8 34. Be4 Qxe5 35. Rad1 f5 36. c6 fxe4 37. Bd6 Qb5 38. Bxb8 Qxb8 39. Rd8+ Qxd8 40. Rxd8+ 1-0


[Site "https://www.chess.com"]

[Event "Titled Tuesday Blitz November 08 Early 2022"]
[White "Salinas Herrera, Pablo"]
[Black "Paravyan, David"]
[WhiteFideId "3407128"]
[BlackFideId "4194985"]
[WhiteElo "2557"]
[BlackElo "2546"]
[Result "1/2-1/2"]
[Round "04"]
[TimeControl "180+1"]
[Date "2022.11.08"]
[WhiteClock "0:00:09"]
[BlackClock "0:00:16"]

1. d4 Nf6 2. c4 g6 3. Nc3 d5 4. cxd5 Nxd5 5. Bd2 Bg7 6. e3 O-O 7. Rc1 Nxc3 8. Bxc3 Be6 9. a3 Bd5 10. Nf3 Nd7 11. Bd3 e5 12. dxe5 Bxf3 13. Qxf3 Nxe5 14. Bxe5 Bxe5 15. Rd1 Qe7 16. Qxb7 Rab8 17. Qxa7 Bxb2 18. O-O Bxa3 19. Bc4 Bc5 20. Qa2 Bd6 21. g3 Kg7 22. Rd4 Rb4 23. Rfd1 Rfb8 24. Qe2 Rb2 25. R4d2 Qf6 26. Bd5 h5 27. h4 Be5 28. Kg2 Rxd2 29. Rxd2 Rb2 30. Rxb2 Bxb2 31. Qc4 Be5 32. f4 Bd6 33. e4 Qb2+ 34. Kh3 Qb1 35. e5 Be7 36. Qxc7 Qf5+ 37. Kh2 Qd3 38. Qb7 Qd2+ 39. Kh3 Qb4 40. Qd7 Qc5 41. Qb7 Kf8 42. Qa8+ Kg7 43. Qa2 Qg1 44. Qe2 Qc5 45. Bf3 Qc8+ 46. Kg2 Qc3 47. Qa2 Bc5 48. Bd5 Qe3 49. Kh3 Qe1 50. Qg2 Qf2 51. Qxf2 Bxf2 52. Kg2 Bc5 53. Kf3 Bb4 54. g4 hxg4+ 55. Kxg4 f6 56. e6 f5+ 57. Kf3 Kf6 58. Bc4 Be1 59. Kg2 Bxh4 60. Kf3 Be1 61. Kg2 Bb4 62. Kf3 Bd6 63. Bb3 Bc5 64. Bc4 Ke7 65. Bb3 Bb4 66. Bc4 Bd2 67. Bb3 Ba5 68. Bc4 Bc7 69. Bb3 Bd8 70. Ba2 Kd6 71. Bb3 Be7 72. Ba2 Kc5 73. Bb3 g5 74. fxg5 Bxg5 75. Bc2 f4 76. e7 Bxe7 77. Kxf4 1/2-1/2


[Site "https://www.chess.com"]

[Event "Titled Tuesday Blitz November 08 Early 2022"]
[White "Salman, Pavel"]
[Black "Osmonbekov, Talaibek"]
[WhiteFideId "24153753"]
[BlackFideId "2017253"]
[WhiteElo "2187"]
[BlackElo "2135"]
[Result "1-0"]
[Round "04"]
[TimeControl "180+1"]
[Date "2022.11.09"]
[WhiteClock "0:00:18"]
[BlackClock "0:00:04"]

1. d4 e6 2. Nc3 c5 3. d5 exd5 4. Nxd5 d6 5. Nf3 Nc6 6. e4 Nf6 7. Bg5 Be7 8. Nxe7 Qxe7 9. Be2 h6 10. Bxf6 Qxf6 11. O-O O-O 12. c3 Re8 13. Qc2 Bg4 14. h3 Bh5 15. Rad1 Rad8 16. Rfe1 Bg6 17. Bc4 a6 18. Rd2 Bh5 19. Be2 Bg6 20. Bc4 Bh5 21. Re3 b5 22. Bd5 Ne7 23. Bb7 Ng6 24. Bxa6 Nf4 25. Bxb5 Qg6 26. Nh4 Qg5 27. Bxe8 Qxh4 28. Bb5 Qg5 29. Bf1 Ra8 30. a4 Qf6 31. b4 cxb4 32. cxb4 Qa1 33. a5 g5 34. Rxd6 Bg6 35. a6 Rb8 36. b5 Qe5 37. Qc7 Rxb5 38. Rd8+ Kh7 39. Qxe5 Rxe5 40. a7 1-0


[Site "https://www.chess.com"]

[Event "Titled Tuesday Blitz November 08 Early 2022"]
[White "Samaganova, Aleksandra"]
[Black "Barria Santos, Jose Guilherme"]
[WhiteFideId "13800221"]
[BlackFideId "1939300"]
[WhiteElo "1864"]
[BlackElo "2273"]
[Result "0-1"]
[Round "04"]
[TimeControl "180+1"]
[Date "2022.11.09"]
[WhiteClock "0:02:17"]
[BlackClock "0:02:00"]

1. c4 Nf6 2. Nc3 c5 3. Nf3 g6 4. e3 Bg7 5. d4 cxd4 6. exd4 d5 7. cxd5 Nxd5 8. Bd3 O-O 9. h3 Nc6 10. O-O Nxd4 11. Nxd4 Bxd4 12. Nxd5 Qxd5 13. Bh6 Bg7 14. Bxg7 Kxg7 15. Qe2 Qe6 16. Qf3 Qf6 17. Qe2 Be6 18. Be4 Rab8 19. Rfd1 b6 20. b3 Rfd8 21. Rac1 h5 22. Rc7 Rxd1+ 23. Qxd1 Qe5 0-1


[Site "https://www.chess.com"]

[Event "Titled Tuesday Blitz November 08 Early 2022"]
[White "Santos Flores, Alberto"]
[Black "Todev, Simeon"]
[WhiteFideId "3601234"]
[BlackFideId "2925133"]
[WhiteElo "2235"]
[BlackElo "1938"]
[Result "1-0"]
[Round "04"]
[TimeControl "180+1"]
[Date "2022.11.09"]
[WhiteClock "0:00:11"]
[BlackClock "0:00:09"]

1. e4 c5 2. Nf3 a6 3. c4 Nc6 4. d4 cxd4 5. Nxd4 e5 6. Nc2 Nf6 7. Nc3 Bc5 8. Be2 O-O 9. O-O d6 10. Bg5 h6 11. Bh4 Be6 12. a3 Nd4 13. b4 Nxc2 14. Qxc2 Bd4 15. Rad1 Bxc3 16. Qxc3 Nxe4 17. Qe3 Qxh4 18. g3 Nxg3 19. hxg3 Qe7 20. c5 dxc5 21. bxc5 Rad8 22. Qxe5 Rxd1 23. Rxd1 Rc8 24. Rc1 Qd7 25. Bf3 Qd2 26. Rb1 Qc2 27. Rxb7 Qxc5 28. Qe2 Qxa3 29. Kg2 Qd6 30. Ra7 Bc4 31. Qe4 Bd3 32. Qb7 Rf8 33. Bd5 Bg6 34. Rxa6 Qe5 35. Rxg6 Qf5 36. Rd6 Qe5 37. Rd7 Qf5 38. Bf3 Qf6 39. Rc7 Qe6 40. Qc6 Qe5 41. Rc8 Qf5 42. Rxf8+ Kxf8 43. Qa8+ Ke7 44. Qe4+ Qxe4 45. Bxe4 Kf6 46. Bd3 Ke5 47. Kf3 f5 48. Bc2 g5 49. Ke3 h5 50. f4+ Kf6 51. Kf3 g4+ 52. Ke3 Ke6 53. Bb3+ Kd6 54. Bf7 h4 55. gxh4 Ke7 56. Bc4 Kf6 57. h5 Kg7 58. Be6 g3 59. Kf3 Kf6 60. Bc8 g2 61. Kxg2 Kg7 62. Kf3 Kf6 63. Bd7 Kf7 64. Bxf5 Kf6 65. Be4 Kg7 66. Kg4 Kh6 67. f5 Kg7 68. Bd5 Kf6 69. Kf4 Ke7 70. Kg5 Kf8 71. h6 Ke7 72. h7 Kd6 73. h8=Q Kxd5 74. Qe8 Kd4 75. f6 Kd5 76. f7 Kd6 77. f8=Q+ Kd5 78. Qfe7 Kd4 79. Q7d7+ Kc4 80. Qec8+ Kb3 81. Qdb7+ Ka4 1-0


[Site "https://www.chess.com"]

[Event "Titled Tuesday Blitz November 08 Early 2022"]
[White "Saravana, Krishnan P."]
[Black "Kopacz, Grzegorz"]
[WhiteFideId "5018382"]
[BlackFideId "1109880"]
[WhiteElo "2155"]
[BlackElo "2037"]
[Result "0-1"]
[Round "04"]
[TimeControl "180+1"]
[Date "2022.11.09"]
[WhiteClock "0:00:26"]
[BlackClock "0:00:11"]

1. e4 c5 2. Nf3 g6 3. h4 h5 4. Bc4 Bg7 5. c3 e6 6. d4 cxd4 7. Nxd4 a6 8. Bg5 Qb6 9. Bb3 Nc6 10. Nxc6 bxc6 11. Nd2 d5 12. Qe2 Bb7 13. Nf3 Nh6 14. O-O-O O-O 15. exd5 cxd5 16. Ne5 Bc6 17. g4 Bb5 18. Qe1 Nxg4 19. Nxg4 hxg4 20. h5 gxh5 21. Rxh5 Rac8 22. Bc2 f5 23. Be3 Qb7 24. Rg5 Qe7 25. f4 Kf7 26. Qh4 Ke8 27. Re1 Bf6 28. Qh5+ Qf7 29. Rg6 Rh8 30. Rxf6 Rxh5 31. Rxf7 Kxf7 32. Bd4 g3 33. Bd1 Rh2 34. Bg1 Rh3 35. Bf3 Bd3 36. Bg2 Rh4 37. Re3 Be4 38. Bxe4 fxe4 39. Rxg3 Rg8 40. Rxg8 Kxg8 41. Be3 Rh2 42. b3 Rxa2 43. Kb1 Re2 44. Bd4 Kf7 45. Kc1 Kg6 46. Kd1 Ra2 47. c4 dxc4 48. bxc4 Ra4 49. Kd2 Rxc4 50. Be3 Kf5 51. Ke2 a5 52. Kd2 a4 53. Kd1 a3 54. Bc1 a2 55. Bb2 Kxf4 56. Kd2 e3+ 57. Ke2 Rc2+ 58. Kd3 Rxb2 59. Kd4 a1=Q 60. Kc5 Rc2+ 61. Kd6 Qd1+ 62. Ke7 e5 63. Kf6 e4 64. Kg6 Rc6+ 65. Kf7 Qd7+ 0-1


[Site "https://www.chess.com"]

[Event "Titled Tuesday Blitz November 08 Early 2022"]
[White "Sarkar, Justin"]
[Black "Gritsenko, Nikolai"]
[WhiteFideId "2010011"]
[BlackFideId "14112493"]
[WhiteElo "2239"]
[BlackElo "2389"]
[Result "1-0"]
[Round "04"]
[TimeControl "180+1"]
[Date "2022.11.09"]
[WhiteClock "0:00:01"]
[BlackClock "0:00:01"]

1. d4 d5 2. c4 Nc6 3. Nf3 Bg4 4. cxd5 Bxf3 5. dxc6 Bxc6 6. Nc3 e6 7. e4 Bb4 8. f3 Qh4+ 9. g3 Qf6 10. Be3 O-O-O 11. Qe2 Rxd4 12. Bxd4 Qxd4 13. Qd2 Qb6 14. O-O-O Ne7 15. Bc4 Bc5 16. Rhe1 h6 17. Kb1 a6 18. Bb3 Kb8 19. Ba4 Bb4 20. Bxc6 Nxc6 21. Rc1 Rd8 22. Qe3 Nd4 23. Red1 Bxc3 24. Rxc3 e5 25. f4 f6 26. fxe5 fxe5 27. Rf1 Nb5 28. Rc5 Rd4 29. Qc1 Qd6 30. Rd5 Rxd5 31. exd5 Qxd5 32. Re1 Nd4 33. Qd2 Qb5 34. Qe3 1-0


[Site "https://www.chess.com"]

[Event "Titled Tuesday Blitz November 08 Early 2022"]
[White "Schmidt, Tobias"]
[Black "Garrido, Denis"]
[WhiteFideId "1271683"]
[BlackFideId "601217"]
[WhiteElo "2328"]
[BlackElo "2182"]
[Result "0-1"]
[Round "04"]
[TimeControl "180+1"]
[Date "2022.11.09"]
[WhiteClock "0:00:02"]
[BlackClock "0:01:33"]

1. d3 g6 2. h4 h5 3. Nf3 Bg7 4. Ng5 d5 5. Nd2 c5 6. e4 Nc6 7. c3 Nf6 8. Be2 O-O 9. Bf3 e5 10. Qb3 d4 11. a4 b6 12. Qa3 dxc3 13. Qxc3 Ba6 14. Nc4 Re8 15. O-O Nd4 16. Bd1 Qd7 17. Be3 Rad8 18. f3 Nh7 19. Kh2 Nxg5 20. hxg5 Bxc4 21. dxc4 Ne6 22. Rf2 Qe7 23. Rd2 Nxg5 24. Rxd8 Rxd8 25. Be2 Ne6 26. a5 Nd4 27. Bd3 Qh4+ 28. Kg1 Qg3 29. Bf2 Nxf3+ 30. Kf1 Nh2+ 31. Kg1 Qxd3 32. Qxd3 Rxd3 33. axb6 axb6 34. Ra8+ Kh7 35. Kxh2 Rd2 36. Kg3 Rxb2 37. Rb8 Bf6 38. Bxc5 Rb3+ 39. Kh2 Rc3 40. Bxb6 Rxc4 41. Rb7 Kg7 0-1


[Site "https://www.chess.com"]

[Event "Titled Tuesday Blitz November 08 Early 2022"]
[White "Schrik, Rachid"]
[Black "Marin Ramirez, Gerardo"]
[WhiteFideId "1009818"]
[BlackFideId "3901068"]
[WhiteElo "2098"]
[BlackElo "2041"]
[Result "1-0"]
[Round "04"]
[TimeControl "180+1"]
[Date "2022.11.09"]
[WhiteClock "0:00:20"]
[BlackClock "0:00:03"]

1. d4 d5 2. c4 c6 3. cxd5 Nf6 4. dxc6 Nxc6 5. Nf3 Bf5 6. e3 e6 7. Nc3 Bb4 8. Bd3 Qa5 9. Bxf5 Qxf5 10. O-O O-O 11. a3 Ba5 12. b4 Bc7 13. Bb2 Rad8 14. Qe2 Qh5 15. Rfe1 Qh6 16. Rac1 Bb8 17. Na4 Ne7 18. Nc5 Rd5 19. Ne5 b6 20. Na6 Bxe5 21. dxe5 Ne4 22. Bd4 Nf5 23. f3 Nxd4 24. exd4 Ng5 25. f4 Rxd4 26. fxg5 Qxg5 27. Rcd1 Rg4 28. Rd2 h5 29. h3 Rg3 30. Kh2 Rxa3 31. b5 Rc8 32. Red1 Rcc3 33. Rd8+ Kh7 34. R8d3 Qf4+ 35. Kh1 Rxd3 36. Rxd3 Ra1+ 37. Rd1 Rxd1+ 38. Qxd1 Qxe5 39. Qb1+ g6 40. Qf1 f5 41. Nb4 f4 42. Nc6 Qe3 43. Nxa7 g5 44. Nc8 g4 45. Nd6 g3 46. Nf7 Kg6 47. Nd6 1-0


[Site "https://www.chess.com"]

[Event "Titled Tuesday Blitz November 08 Early 2022"]
[White "Seletsky, Grigory"]
[Black "Parpiev, Isaak"]
[WhiteFideId "14112191"]
[BlackFideId "34281576"]
[WhiteElo "2492"]
[BlackElo "2094"]
[Result "1-0"]
[Round "04"]
[TimeControl "180+1"]
[Date "2022.11.09"]
[WhiteClock "0:00:06"]
[BlackClock "0:00:01"]

1. e4 e5 2. Nf3 Nc6 3. Bc4 Nf6 4. d3 h6 5. O-O g5 6. Re1 Bg7 7. Nc3 O-O 8. a3 d6 9. Nd2 Bg4 10. f3 Bd7 11. Nf1 Nd4 12. g4 Kh8 13. Ng3 c6 14. Nf5 Bxf5 15. gxf5 Nh5 16. Be3 Nf4 17. Bxd4 exd4 18. Ne2 Nxe2+ 19. Rxe2 Be5 20. Rg2 Qf6 21. Kh1 Rg8 22. Qe2 b5 23. Bb3 a5 24. a4 bxa4 25. Rxa4 Rg7 26. Qe1 h5 27. Rxa5 Rxa5 28. Qxa5 g4 29. fxg4 hxg4 30. Qe1 Qg5 31. Ba4 g3 32. hxg3 Bxg3 33. Rxg3 Qxg3 34. Qxg3 Rxg3 35. Bxc6 Re3 36. Ba4 Re2 37. Kg1 Kg7 38. Kf1 Rd2 39. Ke1 Rh2 40. Bb3 Kf6 41. Kd1 Rh7 42. Kc1 Ke5 43. Kb1 f6 44. Ka2 Ra7+ 45. Kb1 Kf4 46. c3 Ke3 47. Kc2 Rh7 48. Bc4 Rh2+ 49. Kb3 Rd2 50. cxd4 Kxd4 51. Ka3 Rd1 52. Kb3 Rb1 53. Kc2 Re1 54. Kb3 Rc1 55. Kb4 Rb1 56. b3 Rb2 57. Kb5 Rb1 58. Kc6 1-0


[Site "https://www.chess.com"]

[Event "Titled Tuesday Blitz November 08 Early 2022"]
[White "Seo, Jung Min"]
[Black "Streltsov, Alexey"]
[WhiteFideId "1734687"]
[BlackFideId "24104434"]
[WhiteElo "2814"]
[BlackElo "2560"]
[Result "0-1"]
[Round "04"]
[TimeControl "180+1"]
[Date "2022.11.09"]
[WhiteClock "0:01:13"]
[BlackClock "0:01:11"]

1. e4 c6 2. d4 d5 3. e5 Bf5 4. Nf3 e6 5. Be2 c5 6. Be3 Qb6 7. Nc3 c4 8. Rb1 Bb4 9. Bd2 Qd8 10. a3 Bxc3 11. Bxc3 Nc6 12. O-O h6 13. Qd2 Nge7 14. a4 a6 15. b3 b5 16. bxc4 bxc4 17. Rb7 Rb8 18. Rfb1 Rxb7 19. Rxb7 Qa8 20. Rb6 a5 21. Rb5 O-O 22. Bxa5 Bxc2 23. Qxc2 Nxa5 24. Qc3 Nec6 25. h4 Rb8 26. Qb2 Nb3 27. Rxb8+ Qxb8 28. Bd1 Qb6 29. Bxb3 Qxb3 30. Qxb3 cxb3 31. Kf1 b2 32. Nd2 Nxd4 33. a5 Kf8 34. a6 Nb5 35. Ke2 Ke7 36. Kd3 Kd7 37. Kc2 Kc6 38. Kxb2 Kb6 39. f4 Kxa6 40. g4 Nd4 41. h5 Kb5 42. Nb1 Kc4 0-1


[Site "https://www.chess.com"]

[Event "Titled Tuesday Blitz November 08 Early 2022"]
[White "Shapiro, Daniel"]
[Black "Arencibia Monduy, Antonio"]
[WhiteFideId "2001780"]
[BlackFideId "3507939"]
[WhiteElo "2306"]
[BlackElo "2500"]
[Result "1-0"]
[Round "04"]
[TimeControl "180+1"]
[Date "2022.11.09"]
[WhiteClock "0:00:08"]
[BlackClock "0:00:03"]

1. d4 b6 2. e4 Bb7 3. Nd2 e6 4. Bd3 c5 5. c3 cxd4 6. cxd4 Nf6 7. a3 d5 8. e5 Ne4 9. Ne2 Be7 10. f3 Nxd2 11. Bxd2 O-O 12. Qc2 h6 13. O-O Ba6 14. f4 Bxd3 15. Qxd3 Nc6 16. Rf3 f5 17. exf6 Bxf6 18. Re1 Rc8 19. Bc3 Na5 20. Ng3 Qd7 21. Rfe3 Rc6 22. Qe2 Nc4 23. Rxe6 Rxe6 24. Qxe6+ Qxe6 25. Rxe6 Rc8 26. Nh5 Kf7 27. f5 Nxa3 28. Nxf6 gxf6 29. Rd6 Nb5 30. Rxd5 Nxc3 31. bxc3 Ke7 32. Rb5 Rxc3 33. Kf2 Rc4 34. Ke3 Kd6 35. Ke4 Rc2 36. Kf3 Kc6 37. Rb3 a5 38. Re3 a4 39. Re6+ Kc7 40. Rxf6 a3 41. Rf8 a2 42. Ra8 Kd7 43. h4 b5 44. g4 b4 45. g5 hxg5 46. hxg5 b3 47. g6 Rc1 48. g7 Rg1 49. f6 b2 50. f7 b1=Q 51. f8=Q Qd3+ 52. Kf4 Rf1+ 53. Ke5 Re1+ 54. Kf6 Qf3+ 55. Kg6 Qe4+ 56. Qf5+ Qxf5+ 57. Kxf5 Rf1+ 58. Ke5 Rg1 59. Kf6 Rf1+ 60. Ke5 Re1+ 61. Kd5 Rg1 62. Rxa2 Rg5+ 63. Ke4 Ke6 64. Ra6+ Kf7 65. Ra7+ Kg8 66. d5 Rxg7 67. Rxg7+ Kxg7 68. Ke5 Kf7 69. Kd6 Ke8 70. Kc7 1-0


[Site "https://www.chess.com"]

[Event "Titled Tuesday Blitz November 08 Early 2022"]
[White "Sharifov, Mekhriddin"]
[Black "Kostiukov, Alexandr"]
[WhiteFideId "14701545"]
[BlackFideId "14108100"]
[WhiteElo "2109"]
[BlackElo "2202"]
[Result "1/2-1/2"]
[Round "04"]
[TimeControl "180+1"]
[Date "2022.11.09"]
[WhiteClock "0:00:04"]
[BlackClock "0:00:04"]

1. e4 c5 2. Nf3 g6 3. d4 cxd4 4. Nxd4 Bg7 5. c4 Nc6 6. Be3 Nf6 7. Nc3 Nxd4 8. Bxd4 Qa5 9. Be2 O-O 10. O-O d6 11. a3 Be6 12. b4 Qc7 13. Rc1 a6 14. Qd3 Rfc8 15. Nd5 Bxd5 16. exd5 Nd7 17. Bg4 Bxd4 18. Qxd4 f5 19. Be2 Qb6 20. c5 dxc5 21. bxc5 Rxc5 22. Bc4 Qf6 23. d6+ Kg7 24. Qxf6+ Kxf6 25. dxe7 Kxe7 26. Rfe1+ Re5 27. Rxe5+ Nxe5 28. Bd5 Rb8 29. f4 Nd3 30. Rc4 Kd6 31. Bf3 Nc5 32. Rd4+ Ke7 33. Rd5 Ne6 34. Re5 Kf6 35. g3 b5 36. Rd5 Rd8 37. Re5 Rd3 38. Kg2 Nd4 39. Bb7 Rd2+ 40. Kh3 h6 41. Rd5 g5 42. fxg5+ hxg5 43. g4 f4 44. Bxa6 Ke6 45. Bb7 Nf3 46. Rxd2 Nxd2 47. Bc6 Nc4 48. Bxb5 Nxa3 49. Bd3 Ke5 50. Kg2 Kd4 51. Bf5 Nc4 52. Kf3 Ne3 53. Be6 Ke5 54. Bc8 Nd5 55. h3 Nf6 56. Kf2 Ne4+ 57. Kf3 Nd2+ 58. Ke2 Ne4 59. Kf3 Nf6 60. Bb7 Kd4 61. Bc8 Ke5 1/2-1/2


[Site "https://www.chess.com"]